 Dungeon Crawl Stone Soup version 0.29.0-4-gdea44cf6ec (webtiles) character file.

Game seed: 1038725065153009495

6912 qw the Cleaver (level 11, -1/64 HPs)
             Began as a Tengu Warper on Aug 28, 2022.
             Was an Elder of Okawaru.
             Slain by a cane toad (16 damage)
             ... on level 1 of the Lair of Beasts.
             The game lasted 00:01:16 (11960 turns).

qw the Cleaver (Tengu Warper)                      Turns: 11960, Time: 00:01:16

Health: -1/64      AC: 19    Str: 17    XL:     11   Next: 7%
Magic:  14/15      EV: 11    Int: 13    God:    Okawaru [****..]
Gold:   50         SH: 12    Dex: 13    Spells: 14/14 levels left

rFire   . . .      SeeInvis +   Y - +4 war axe (vorpal)
rCold   . . .      Faith    .   s - +0 kite shield
rNeg    . . .      Spirit   .   m - +0 chain mail
rPois   .          Reflect  .   (helmet restricted)
rElec   .          Harm     .   r - +1 cloak
rCorr   .          Rampage  .   t - +0 pair of gloves
Will    .....                   (boots unavailable)
Stlth   ..........              o - amulet of the acrobat
HPRegen 0.20/turn               k - ring of see invisible
MPRegen 0.14/turn               b - +4 ring of protection

@: lethally poisoned (-1 -> -12), heroic, flying quickly and evasively, quick
A: beak, talons 3, nimble flight
a: Renounce Religion, Heroism, Finesse


You were on level 1 of the Lair of Beasts.
You worshipped Okawaru.
Okawaru was greatly pleased with you.
You visited 3 branches of the dungeon, and saw 10 of its levels.
You also visited: Sewer.

You collected 415 gold pieces.
You spent 365 gold pieces at shops.


Innate Abilities, Weirdness & Mutations

You have a beak for a mouth.
You have claws for feet.
Your magical nature lets you fly swiftly and evasively.


   Skills:
 - Level 6.0(11.0) Fighting
 - Level 12.0(17.0) Axes
 - Level 1.0(6.0) Throwing
 - Level 5.1(10.1) Armour
 - Level 3.6(8.6) Dodging
 + Level 7.9(12.9) Shields
 - Level 2.0 Spellcasting
 - Level 2.4 Translocations
 + Level 5.0 Invocations


You had 14 spell levels left.
You didn't know any spells.
Your spell library contained the following spells:

 Spells                   Type           Power      Damage    Failure   Level
 Blink                    Tloc           14%        N/A       95%         2
 Gell's Gravitas          Tloc           7%         N/A       99%         3
 Lesser Beckoning         Tloc           7%         N/A       99%         3
 Teleport Other           Tloc           7%         N/A       99%         3
 Manifold Assault         Tloc           7%         N/A       100%        5

Inventory:

Hand Weapons
 j - a +3 flail
 Y - a +4 vorpal war axe (weapon)
Armour
 m - a +0 chain mail (worn)
 q - a +1 ring mail of fire resistance
 r - a +1 cloak (worn)
 s - a +0 kite shield (worn)
 t - a +0 pair of gloves (worn)
Jewellery
 b - a +4 ring of protection (right hand)
 d - a ring of protection from fire
 k - a ring of see invisible (left hand)
 l - a +1 ring of protection
 o - an amulet of the acrobat (around neck)
 p - a ring of ice
Scrolls
 a - 2 scrolls of identify
 u - a scroll of teleportation
Potions
 c - a potion of heal wounds
 e - 2 potions of cancellation
 f - 3 potions of curing
 h - 2 potions of haste
 i - 2 potions of resistance
 n - a potion of mutation
 w - 2 potions of might

Dungeon Overview and Level Annotations

Branches:
Dungeon (8/15)             Temple (1/1) D:5            Lair (1/5) D:8
  Sewer (visited)

Altars:
Ashenzari
Cheibriados
Dithmenos
Elyvilon
Fedhas
Gozag
Hepliaklqana
Kikubaaqudgha
Makhleb
Nemelex Xobeh
Okawaru
Qazlal
Ru
Sif Muna
Trog
Uskayaw
Vehumet
Wu Jian
Xom
Yredelemnul
Zin

Shops:
D:3 =   D:8 !


Message History

You peck the wolf spider.
The wolf spider is severely wounded.
The wolf spider hits you but does no damage.
You block the wolf spider's attack. The wolf spider completely misses you.
The wolf spider bites you but does no damage.
You slash the wolf spider!
You kill the wolf spider!
Okawaru is honoured by your kill.
Your Invocations skill increases to level 5!
You start resting.
You feel like a meek peon again.
HP restored.
You now have 50 gold pieces (gained 15).
A cane toad comes into view.
11952 ||| INVOKING Heroism.
You gain the combat prowess of a mighty hero.
You completely miss the cane toad. You claw the cane toad.
You peck the cane toad, but do no damage.
The cane toad is lightly wounded.
The cane toad stings you!
You barely miss the cane toad. You claw the cane toad.
The cane toad is lightly wounded.
The cane toad stings you!
You are poisoned.
The cane toad poisons you!
You hit the cane toad but do no damage. Your kick misses the cane toad.
You peck the cane toad.
The cane toad is moderately wounded.
You feel very sick. You block the cane toad's attack.
You slash the cane toad! Your kick misses the cane toad.
You peck the cane toad, but do no damage.
The cane toad is severely wounded.
You feel very sick. The cane toad stings you!
You slash the cane toad!
The cane toad is almost dead.
You feel very sick. The cane toad stings you!
You die...

........#
#.......#
.......
#.....#
#..... #...#
#..F## #..@.#
#....# #...##
#.%.# ##%%.#
#....##.#
###.....#
#...#######
###..###...##


You could see a cane toad.

Vanquished Creatures
  Pikel (D:6)
  A wolf spider (Lair:1)
  Psyche (D:8)
  A hornet (D:8)
  Eustachio (D:6)
  7 yaks (D:8)
  2 steam dragons
  A water moccasin (D:5)
  Duvessa (D:7)
  3 ice beasts
  2 black bears
  2 orc warriors
  An ogre (D:6)
  9 wolves (Lair:1)
  2 centaurs
  A lemure (D:6)
  Blork the orc (D:5)
  2 kobold brigands
  2 scorpions
  5 bullfrogs
  2 gnoll sergeants (D:7)
  5 wights (D:8)
  Dowan (D:7)
  5 killer bees (D:8)
  2 howler monkeys
  4 hounds
  2 jellies
  An orc priest (D:7)
  2 gnoll boudas
  6 orc wizards
  4 iguanas
  20 gnolls
  16 adders
  A river rat (Sewer)
  A shadow imp (D:8)
  A white imp (D:7)
  2 ufetubi
  3 worms
  3 dart slugs
  20 orcs
  15 ball pythons
  7 bats
  13 endoplasms
  10 giant cockroaches
  11 goblins
  8 hobgoblins
  4 jackals (D:1)
  24 kobolds
  3 quokkas
  6 frilled lizards
  7 rats
255 creatures vanquished.

Vanquished Creatures (others)
  An orc (D:7)
  8 demonic plants (D:3)
  A fungus (Lair:1)
10 creatures vanquished.

Grand Total: 265 creatures vanquished

Notes
Turn   | Place    | Note
-------+----------+-------------------------------------------
     0 | D:1      | qw the Tengu Warper began the quest for the Orb.
     0 | D:1      | Reached XP level 1. HP: 12/12 MP: 4/4
     0 | D:1      | 0 ||| qw: Version: 0.1-a-89-g26bdef1
     0 | D:1      | 0 ||| qw: Game counter: 3039
     0 | D:1      | 0 ||| qw: Always use a shield: true
     0 | D:1      | 0 ||| qw: God list: Okawaru
     0 | D:1      | 0 ||| qw: Allow faded altars: false
     0 | D:1      | 0 ||| qw: Do Orc after D:15 true
     0 | D:1      | 0 ||| qw: Do second Lair branch before Depths: true
     0 | D:1      | 0 ||| qw: Lair rune preference: random
     0 | D:1      | 0 ||| qw: Plans: Normal
     0 | D:1      | 0 ||| PLANNING D:1-11
   282 | D:1      | 282 ||| Stepping ~*~*~tactically~*~*~ (stealth).
   284 | D:1      | 284 ||| Stepping ~*~*~tactically~*~*~ (stealth).
   285 | D:1      | 285 ||| Stepping ~*~*~tactically~*~*~ (stealth).
   286 | D:1      | 286 ||| Stepping ~*~*~tactically~*~*~ (stealth).
   289 | D:1      | 289 ||| Stepping ~*~*~tactically~*~*~ (stealth).
   334 | D:1      | Reached XP level 2. HP: 10/17 MP: 6/6
   470 | D:1      | Reached skill level 3 in Axes
   901 | D:1      | Reached XP level 3. HP: 21/21 MP: 7/7
   931 | D:1      | 931 ||| Stepping ~*~*~tactically~*~*~ (stealth).
   933 | D:1      | 933 ||| Stepping ~*~*~tactically~*~*~ (stealth).
  1169 | D:1      | Reached skill level 4 in Axes
  1183 | D:1      | 1183 ||| DROPPING +0 club.
  1219 | D:1      | 1219 ||| Stepping ~*~*~tactically~*~*~ (stealth).
  1528 | D:1      | 1528 ||| UPGRADING to +0 ring mail.
  1538 | D:1      | 1538 ||| DROPPING +0 leather armour.
  1539 | D:1      | 1539 ||| UPGRADING to ring of see invisible.
  1540 | D:1      | 1540 ||| READING 3 scrolls labelled ADETZO LIPE.
  1541 | D:1      | 1541 ||| READING scroll labelled GEEROSTR PUPN.
  1542 | D:1      | 1542 ||| READING scroll labelled WOMAIWK VOQO.
  1545 | D:1      | 1545 ||| DRINKING 2 bubbling golden potions.
  1546 | D:1      | 1546 ||| READING 2 scrolls of identify.
  1546 | D:1      | 1546 ||| IDENTIFYING fuming dark potion
  1547 | D:1      | 1547 ||| DROPPING scroll of blinking.
  1597 | D:2      | 1597 ||| DROPPING +0 whip.
  1620 | D:2      | Reached XP level 4. HP: 26/26 MP: 8/8
  1624 | D:2      | 1624 ||| Stepping ~*~*~tactically~*~*~ (hiding).
  1625 | D:2      | 1625 ||| Stepping ~*~*~tactically~*~*~ (hiding).
  1629 | D:2      | 1629 ||| Stepping ~*~*~tactically~*~*~ (hiding).
  1646 | D:2      | Noticed a black bear
  1647 | D:2      | 1647 ||| FLEEEEING.
  1656 | D:2      | 1656 ||| Stepping ~*~*~tactically~*~*~ (stealth).
  1661 | D:2      | Reached skill level 5 in Axes
  1663 | D:2      | 1663 ||| FLEEEEING.
  1886 | D:2      | HP: 4/26 [black bear (5)]
  1888 | D:2      | Killed a black bear
  1889 | D:2      | Reached skill level 6 in Axes
  1889 | D:2      | Gained mutation: Your magical nature lets you fly swiftly
                  | and evasively. [Tengu growth]
  1889 | D:2      | Reached XP level 5. HP: 5/30 MP: 9/9
  2210 | D:2      | 2210 ||| Stepping ~*~*~tactically~*~*~ (stealth).
  2672 | D:2      | 2672 ||| UPGRADING to +4 ring of protection.
  2673 | D:2      | 2673 ||| READING scroll labelled BUSA BILE CEAD.
  2774 | D:2      | 2774 ||| READING 2 scrolls labelled ITECUE KIREOBRET.
  2775 | D:2      | 2775 ||| READING 2 scrolls labelled TOV DENETOD.
  2776 | D:2      | 2776 ||| READING scroll labelled DIUFAGYBAI.
  2777 | D:2      | 2777 ||| READING scroll labelled KOGARGH YRYICID.
  2778 | D:2      | 2778 ||| DROPPING scroll of vulnerability.
  2779 | D:2      | 2779 ||| DROPPING scroll of butterflies.
  2802 | D:3      | 2802 ||| PLANNING SEWER
  2806 | D:3      | 2806 ||| STAIRDANCE
  2877 | D:3      | Found a glowing drain.
  2890 | D:3      | Reached XP level 6. HP: 32/35 MP: 10/10
  2930 | Sewer    | Entered a sewer
  2976 | Sewer    | 2976 ||| Stepping ~*~*~tactically~*~*~ (stealth).
  2996 | Sewer    | Reached skill level 7 in Axes
  3087 | Sewer    | HP: 8/35 [river rat (10)]
  3088 | Sewer    | 3088 ||| READING scroll of teleportation.
  3088 | Sewer    | HP: 1/35 [river rat (7)]
  3094 | Sewer    | 3094 ||| Stepping ~*~*~tactically~*~*~ (stealth).
  3424 | Sewer    | 3424 ||| Stepping ~*~*~tactically~*~*~ (stealth).
  3429 | Sewer    | 3429 ||| Stepping ~*~*~tactically~*~*~ (stealth).
  3441 | Sewer    | Reached skill level 3 in Fighting
  3747 | Sewer    | 3747 ||| READING scroll labelled HORCHISE TEECVE.
  3748 | Sewer    | 3748 ||| READING scroll labelled XUUMEEF ZAHETU.
  3749 | Sewer    | 3749 ||| DRINKING 3 pink potions.
  3750 | Sewer    | 3750 ||| READING 4 scrolls of identify.
  3750 | Sewer    | 3750 ||| IDENTIFYING sedimented grey potion
  3751 | Sewer    | 3751 ||| READING 3 scrolls of identify.
  3751 | Sewer    | 3751 ||| IDENTIFYING ruby potion
  3752 | Sewer    | 3752 ||| READING 2 scrolls of identify.
  3752 | Sewer    | 3752 ||| IDENTIFYING fizzy golden potion
  3753 | Sewer    | 3753 ||| DROPPING 2 potions of brilliance.
  3754 | Sewer    | 3754 ||| DROPPING potion of attraction.
  3779 | D:3      | 3779 ||| PLANNING D:1-11
  3804 | D:3      | 3804 ||| Stepping ~*~*~tactically~*~*~ (stealth).
  3805 | D:3      | 3805 ||| Stepping ~*~*~tactically~*~*~ (stealth).
  3806 | D:3      | 3806 ||| Stepping ~*~*~tactically~*~*~ (stealth).
  3962 | D:3      | Found Hemet's One-of-a-Kind Rings.
  3968 | D:3      | 3968 ||| BUYING +1 ring of dexterity (26 gold).
  3968 | D:3      | Bought a +1 ring of dexterity for 26 gold pieces
  3968 | D:3      | 3968 ||| BUYING +1 ring of protection (39 gold).
  3968 | D:3      | Bought a +1 ring of protection for 39 gold pieces
  3968 | D:3      | 3968 ||| SHOPLISTING +3 ring of strength (130 gold, have
                  | 23).
  3968 | D:3      | 3968 ||| SHOPLISTING ring "Ovotoq" {Fire Str+4} (525 gold,
                  | have 23).
  3968 | D:3      | 3968 ||| SHOPLISTING ring of Lies {Wiz rPois} (535 gold,
                  | have 23).
  4449 | D:3      | Found a faded altar of an unknown god.
  4471 | D:3      | 4471 ||| READING scroll of brand weapon.
  4471 | D:3      | 4471 ||| BRANDING +0 hand axe of chaos.
  4504 | D:3      | 4504 ||| SWAPPING to +0 war axe.
  4520 | D:3      | 4520 ||| DROPPING +0 hand axe of venom.
  4663 | D:3      | 4663 ||| DROPPING +1 ring of dexterity.
  4664 | D:3      | 4664 ||| READING scroll labelled ITRUJO QOFOYSK.
  4665 | D:3      | 4665 ||| READING 2 scrolls of identify.
  4665 | D:3      | 4665 ||| IDENTIFYING amethyst potion
  4699 | D:4      | 4699 ||| STAIRDANCE
  4705 | D:4      | 4705 ||| STAIRDANCE
  4890 | D:4      | 4890 ||| Stepping ~*~*~tactically~*~*~ (stealth).
  4891 | D:4      | 4891 ||| Stepping ~*~*~tactically~*~*~ (stealth).
  4892 | D:4      | 4892 ||| Stepping ~*~*~tactically~*~*~ (stealth).
  4894 | D:4      | 4894 ||| Stepping ~*~*~tactically~*~*~ (stealth).
  4929 | D:4      | 4929 ||| Stepping ~*~*~tactically~*~*~ (stealth).
  5004 | D:4      | Reached XP level 7. HP: 37/41 MP: 11/11
  5323 | D:4      | Found a sacrificial altar of Ru.
  5323 | D:4      | Found an ornate altar of the Wu Jian Council.
  5342 | D:4      | Reached skill level 8 in Axes
  5345 | D:4      | 5345 ||| Stepping ~*~*~tactically~*~*~ (hiding).
  5754 | D:4      | Found a blossoming altar of Fedhas.
  5763 | D:4      | 5763 ||| DROPPING +6 ring of intelligence.
  5764 | D:4      | 5764 ||| READING scroll labelled MALICINESI.
  5765 | D:4      | 5765 ||| READING 2 scrolls of identify.
  5765 | D:4      | 5765 ||| IDENTIFYING sapphire potion
  5814 | D:5      | Entered Level 5 of the Dungeon
  5831 | D:5      | Reached skill level 3 in Dodging
  5834 | D:5      | HP: 10/41 [black bear (3)]
  5835 | D:5      | 5835 ||| READING scroll of teleportation.
  5836 | D:5      | 5836 ||| DRINKING potion of heal wounds.
  5940 | D:5      | 5940 ||| FLEEEEING.
  6191 | D:5      | 6191 ||| Stepping ~*~*~tactically~*~*~ (stealth).
  6193 | D:5      | 6193 ||| Stepping ~*~*~tactically~*~*~ (stealth).
  6198 | D:5      | 6198 ||| Stepping ~*~*~tactically~*~*~ (stealth).
  6327 | D:5      | Reached skill level 9 in Axes
  6327 | D:5      | Reached XP level 8. HP: 37/46 MP: 12/12
  6806 | D:5      | Noticed Blork the orc
  6807 | D:5      | 6807 ||| Stepping ~*~*~tactically~*~*~ (hiding).
  6815 | D:5      | Killed Blork the orc
  6816 | D:5      | Reached skill level 10 in Axes
  6826 | D:5      | Found a staircase to the Ecumenical Temple.
  6827 | D:5      | 6827 ||| PLANNING TEMPLE
  6827 | D:5      | 6827 ||| UPGRADING to +0 scale mail.
  6837 | D:5      | 6837 ||| DROPPING +0 ring mail.
  6838 | D:5      | 6838 ||| UPGRADING to +0 cloak.
  6843 | D:5      | 6843 ||| READING scroll of enchant armour.
  6843 | D:5      | 6843 ||| ENCHANTING +0 cloak.
  6844 | D:5      | 6844 ||| UPGRADING to amulet of the acrobat.
  6849 | D:5      | 6849 ||| DROPPING ring of positive energy.
  6858 | Temple   | Entered the Ecumenical Temple
  6882 | Temple   | Became a worshipper of Warmaster Okawaru
  7015 | Temple   | 7015 ||| PLANNING D:1-11
  7172 | D:6      | 7172 ||| Stepping ~*~*~tactically~*~*~ (stealth).
  7174 | D:6      | 7174 ||| Stepping ~*~*~tactically~*~*~ (stealth).
  7184 | D:6      | HP: 6/48 [gnoll sergeant/+7 antimagic trident (13)]
  7185 | D:6      | 7185 ||| READING scroll of teleportation.
  7520 | D:6      | Noticed Eustachio
  7542 | D:6      | 7542 ||| SWAPPING to +4 war axe of freezing.
  7543 | D:6      | 7543 ||| DROPPING +1 war axe.
  7574 | D:6      | Killed Eustachio
  7634 | D:6      | 7634 ||| DRINKING 3 potions of curing.
  7634 | D:6      | 7634 ||| (to cure confusion)
  7737 | D:6      | 7737 ||| Stepping ~*~*~tactically~*~*~ (hiding).
  7745 | D:6      | Reached XP level 9. HP: 45/54 MP: 13/13
  8024 | D:6      | Reached skill level 11 in Axes
  8260 | D:6      | Noticed Pikel
  8262 | D:6      | 8262 ||| Stepping ~*~*~tactically~*~*~ (stealth).
  8278 | D:6      | Killed Pikel
  8278 | D:6      | Reached * piety under Okawaru
  8512 | D:6      | 8512 ||| UPGRADING to +0 kite shield.
  8517 | D:6      | 8517 ||| UPGRADING to +0 pair of gloves.
  8522 | D:6      | 8522 ||| READING 2 scrolls of identify.
  8522 | D:6      | 8522 ||| IDENTIFYING bubbling coppery potion
  8523 | D:6      | 8523 ||| DROPPING potion of berserk rage.
  8641 | D:7      | 8641 ||| INVOKING Heroism.
  8652 | D:7      | Reached skill level 1 in Shields
  8654 | D:7      | 8654 ||| INVOKING Heroism.
  8655 | D:7      | 8655 ||| INVOKING Heroism.
  8657 | D:7      | Reached skill level 1 in Invocations
  8840 | D:7      | 8840 ||| Stepping ~*~*~tactically~*~*~ (hiding).
  8841 | D:7      | 8841 ||| Stepping ~*~*~tactically~*~*~ (hiding).
  8851 | D:7      | 8851 ||| INVOKING Heroism.
  8860 | D:7      | Noticed Dowan
  8864 | D:7      | Reached ** piety under Okawaru
  8868 | D:7      | 8868 ||| INVOKING Heroism.
  8870 | D:7      | Noticed Duvessa
  8879 | D:7      | Killed Dowan
  8882 | D:7      | Killed Duvessa
  8883 | D:7      | Reached skill level 3 in Shields
  8883 | D:7      | Reached skill level 3 in Invocations
  9085 | D:7      | 9085 ||| Stepping ~*~*~tactically~*~*~ (stealth).
  9121 | D:7      | 9121 ||| INVOKING Heroism.
  9126 | D:7      | 9126 ||| Stepping ~*~*~tactically~*~*~ (hiding).
  9319 | D:7      | 9319 ||| READING scroll of brand weapon.
  9319 | D:7      | 9319 ||| BRANDING +4 war axe of freezing.
  9377 | D:7      | 9377 ||| Stepping ~*~*~tactically~*~*~ (hiding).
  9379 | D:7      | 9379 ||| Stepping ~*~*~tactically~*~*~ (hiding).
  9385 | D:7      | 9385 ||| INVOKING Heroism.
  9591 | D:7      | 9591 ||| UPGRADING to +0 chain mail.
  9601 | D:7      | 9601 ||| DROPPING +0 scale mail.
  9602 | D:7      | 9602 ||| READING 2 scrolls labelled BUYDEICUW.
  9603 | D:7      | 9603 ||| READING 3 scrolls of identify.
  9603 | D:7      | 9603 ||| IDENTIFYING metallic purple potion
  9604 | D:7      | 9604 ||| READING 2 scrolls of identify.
  9604 | D:7      | 9604 ||| IDENTIFYING white potion
  9605 | D:7      | 9605 ||| DROPPING scroll of immolation.
  9606 | D:7      | 9606 ||| DROPPING potion of invisibility.
  9607 | D:7      | 9607 ||| DROPPING potion of lignification.
  9646 | D:8      | Noticed a hornet
  9655 | D:8      | Killed a hornet
  9656 | D:8      | Reached XP level 10. HP: 51/59 MP: 14/14
  9698 | D:8      | 9698 ||| Stepping ~*~*~tactically~*~*~ (hiding).
  9699 | D:8      | 9699 ||| Stepping ~*~*~tactically~*~*~ (hiding).
  9826 | D:8      | 9826 ||| Stepping ~*~*~tactically~*~*~ (stealth).
  9828 | D:8      | 9828 ||| Stepping ~*~*~tactically~*~*~ (stealth).
  9912 | D:8      | 9912 ||| Stepping ~*~*~tactically~*~*~ (stealth).
  9915 | D:8      | 9915 ||| INVOKING Heroism.
 10073 | D:8      | Noticed Psyche
 10074 | D:8      | 10074 ||| INVOKING Heroism.
 10078 | D:8      | Killed Psyche
 10120 | D:8      | Reached *** piety under Okawaru
 10209 | D:8      | 10209 ||| INVOKING Heroism.
 10219 | D:8      | Reached skill level 6 in Shields
 10285 | D:8      | 10285 ||| DROPPING +0 flail.
 10442 | D:8      | 10442 ||| Stepping ~*~*~tactically~*~*~ (stealth).
 10447 | D:8      | 10447 ||| INVOKING Heroism.
 10449 | D:8      | 10449 ||| Stepping ~*~*~tactically~*~*~ (stealth).
 10473 | D:8      | 10473 ||| INVOKING Heroism.
 10517 | D:8      | 10517 ||| FLEEEEING.
 10665 | D:8      | Found Xeihit's Distillery.
 10674 | D:8      | 10674 ||| BUYING potion of cancellation (120 gold).
 10674 | D:8      | Bought a potion of cancellation for 120 gold pieces
 10674 | D:8      | 10674 ||| BUYING potion of curing (45 gold).
 10674 | D:8      | Bought a potion of curing for 45 gold pieces
 10674 | D:8      | 10674 ||| BUYING potion of heal wounds (75 gold).
 10674 | D:8      | Bought a potion of heal wounds for 75 gold pieces
 10674 | D:8      | 10674 ||| BUYING potion of might (60 gold).
 10674 | D:8      | Bought a potion of might for 60 gold pieces
 10674 | D:8      | 10674 ||| SHOPLISTING potion of mutation (120 gold, have
                  | 17).
 10682 | D:8      | Found a staircase to the Lair.
 10790 | D:8      | 10790 ||| FLEEEEING.
 10791 | D:8      | 10791 ||| FLEEEEING.
 10792 | D:8      | 10792 ||| FLEEEEING.
 10808 | D:8      | 10808 ||| FLEEEEING.
 10809 | D:8      | 10809 ||| FLEEEEING.
 10812 | D:8      | 10812 ||| FLEEEEING.
 10813 | D:8      | 10813 ||| FLEEEEING.
 10814 | D:8      | 10814 ||| FLEEEEING.
 10858 | D:8      | 10858 ||| Stepping ~*~*~tactically~*~*~ (stealth).
 10949 | D:8      | 10949 ||| INVOKING Heroism.
 10977 | D:8      | 10977 ||| INVOKING Heroism.
 10978 | D:8      | 10978 ||| Stepping ~*~*~tactically~*~*~ (cloud).
 11107 | D:8      | Reached skill level 12 in Axes
 11231 | D:8      | 11231 ||| Stepping ~*~*~tactically~*~*~ (hiding).
 11235 | D:8      | 11235 ||| Stepping ~*~*~tactically~*~*~ (hiding).
 11241 | D:8      | 11241 ||| INVOKING Heroism.
 11600 | D:8      | 11600 ||| PLANNING LAIR
 11600 | D:8      | 11600 ||| READING 3 scrolls of identify.
 11600 | D:8      | 11600 ||| IDENTIFYING blue potion
 11601 | D:8      | 11601 ||| DROPPING potion of flight.
 11668 | Lair:1   | Entered Level 1 of the Lair of Beasts
 11690 | Lair:1   | 11690 ||| INVOKING Heroism.
 11692 | Lair:1   | Noticed a wolf spider
 11699 | Lair:1   | Reached skill level 6 in Fighting
 11701 | Lair:1   | Reached **** piety under Okawaru
 11710 | Lair:1   | Reached XP level 11. HP: 26/64 MP: 15/15
 11713 | Lair:1   | Killed a wolf spider
 11952 | Lair:1   | 11952 ||| INVOKING Heroism.
 11960 | Lair:1   | HP: 15/64 [poisoned by a cane toad]
 11960 | Lair:1   | Slain by a cane toad

Levels and vault maps discovered:
D:1:      psy_arrival_basics, layout_loops_ring, solitary_fountain
D:2:      layout_basic
D:3:      layout_loops_corners, basic_ecumenical_altar, gup_sewer_entry_glass,
          chequers_serial_rivers_micro_b, chequers_jeans,
          nicolae_shop_unique_rings, dreamdust_princess_corridor
D:4:      layout_cave_pools, fedhas_altar_4, gammafunk_temple_overflow_elements,
          grunt_ministairs_1
D:5:      layout_loops_cross, minmay_temple_entry_poolview, uniq_blork_the_orc
D:6:      layout_loops_ring, kennysheep_generic_room_7, uniq_pikel,
          uniq_eustachio
D:7:      layout_basic, small_statue_alley_b, uniq_duvessa
D:8:      layout_basic, lair_entry_dummy, serial_shops, nicolae_shop_crystal,
          grunt_tough_drop, uniq_psyche
Temple:   regret_index_temple_chain_breaker
Lair:1:   layout_gridlike, nicolae_lair_run_with_the_wolves,
          infiniplex_staircase_pool

Skill      XL: |  1  2  3  4  5  6  7  8  9 10 11 |
---------------+----------------------------------+-----
Axes           | 3 4 6 7 9 10 11 12 | 12.0
Fighting       | 3 5 6 |  6.0
Dodging        | 3 |  3.6
Armour         | 2 5 |  5.1
Shields        | 4 7 |  7.9
Invocations    | 3 4 5 |  5.0
Throwing       | |  1.0
Spellcasting   | |  2.0
Translocations | |  2.4

Action                   |  1- 3 |  4- 6 |  7- 9 | 10-12 || total
-------------------------+-------+-------+-------+-------++-------
Melee: Hand axe          |    90 |   166 |       |       ||   256
       Peck              |     9 |    29 |    55 |    21 ||   114
       Kick              |    19 |    46 |    69 |    36 ||   170
       Punch             |     1 |     2 |     1 |       ||     4
       War axe           |       |    42 |   281 |   155 ||   478
Throw: Boomerang         |     7 |       |       |       ||     7
Invok: Heroism           |       |       |     6 |    10 ||    16
  Use: Scroll            |     4 |    14 |    10 |     1 ||    29
       Potion            |     1 |     1 |     2 |       ||     4
 Stab: Sleeping          |     1 |       |       |       ||     1
Armor: Leather armour    |    25 |       |       |       ||    25
       Ring mail         |     2 |    60 |    41 |       ||   103
       Scale mail        |       |       |    68 |       ||    68
       Chain mail        |       |       |     3 |    65 ||    68
Dodge: Dodged            |    50 |   114 |   190 |    58 ||   412
Block: Kite shield       |       |       |    34 |   101 ||   135

Table legend:
 A = Non-vault XP
 B = Vault XP
 C = Vault XP percentage of total XP
 D = Non-vault monster count
 E = Vault monster count
 F = Vault count percentage of total count
                 A         B        C        D         E       F
            +---------+---------+-------+---------+---------+-------
      Total |    5735 |    4140 |  41.9 |     206 |      48 |  18.9
            +---------+---------+-------+---------+---------+-------
        D:1 |      59 |       0 |   0.0 |      37 |       0 |   0.0
        D:2 |     250 |       0 |   0.0 |      27 |       0 |   0.0
        D:3 |      38 |      32 |  45.7 |      20 |       5 |  20.0
        D:4 |     251 |       7 |   2.7 |      27 |       2 |   6.9
        D:5 |     838 |     100 |  10.7 |      18 |       1 |   5.3
        D:6 |     576 |     994 |  63.3 |      15 |       4 |  21.1
        D:7 |     961 |     215 |  18.3 |      24 |       2 |   7.7
        D:8 |    2762 |     990 |  26.4 |      38 |       6 |  13.6
     Lair:1 |       0 |    1613 | 100.0 |       0 |      10 | 100.0
      Sewer |       0 |     189 | 100.0 |       0 |      18 | 100.0
            +---------+---------+-------+---------+---------+-------
